 Dungeon Crawl Stone Soup version 0.31.0-11-ge490571c62 (webtiles) character file.

Game seed: 6847191205035546319

518 hawla the Sneak (level 7, -1/40 HPs)
             Began as a Deep Elf Conjurer on Feb 4, 2024.
             Incinerated by a bombardier beetle (4 damage)
             ... with a burning spray
             ... on level 5 of the Dungeon.
             The game lasted 00:11:39 (4341 turns).

hawla the Sneak (Deep Elf Conjurer)                 Turns: 4341, Time: 00:11:40

Health: -1/40      AC:  6    Str:  4    XL:     7   Next: 1%
Magic:  4/13       EV: 12    Int: 28    God:
Gold:   231        SH:  0    Dex: 13    Spells: 5/12 levels left

rFire   . . .        b - +6 dagger
rCold   . . .        (no shield)
rNeg    . . .        a - +0 robe
rPois   .            c - +2 helmet {Int+3}
rElec   .            h - +0 cloak
rCorr   .            (no gloves)
SInv    .            (no boots)
Will    .....        (no amulet)
Stlth   +            (no ring)
HPRegen 0.26/turn    (no ring)
MPRegen 0.13/turn

%: no passive effects
@: on fire, glowing
A: no striking features
a: no special abilities


You were on level 5 of the Dungeon.
You visited 1 branch of the dungeon, and saw 5 of its levels.

You collected 231 gold pieces.

Inventory:

Hand Weapons
 b - a +6 dagger (weapon)
 o - a +0 long sword
Armour
 a - a +0 robe (worn)
 c - a +2 helmet of intelligence (worn)
 h - a +0 cloak (worn)
Wands
 e - a wand of charming (9) (quivered)
Scrolls
 g - 3 scrolls of revelation
 p - a scroll of identify
Potions
 d - a potion of brilliance
 f - a potion of might
 j - a potion of resistance {unknown}
 k - 3 potions of enlightenment {unknown}
 l - a potion of berserk rage {unknown}
 m - a potion of mutation {unknown}
 n - a potion of lignification {unknown}
 q - a potion of heal wounds {unknown}


   Skills:
 - Level 2.0 Fighting
 - Level 0.2(0.5) Short Blades
 - Level 0.5(0.6) Long Blades
 - Level 2.4 Dodging
 - Level 5.0 Stealth
 + Level 2.5 Shields
 - Level 3.0 Spellcasting
 - Level 4.4 Conjurations
 - Level 1.0 Hexes
 - Level 3.0 Translocations
 + Level 3.3 Evocations
 - Level 0.2 Shapeshifting


You had 5 spell levels left.
You knew the following spells:

 Your Spells              Type           Power      Damage    Failure   Level
a - Magic Dart            Conj           100%       1d8       1%          1
b - Searing Ray           Conj           56%        2d6       1%          2
c - Iskenderun's Mystic   Conj/Tloc      25%        2d7       19%         4

Your spell library contained the following spells:

 Spells                   Type           Power      Damage    Failure   Level
 Lesser Beckoning         Tloc           42%        N/A       3%          2
 Gell's Gravitas          Tloc           21%        N/A       7%          3
 Teleport Other           Tloc           21%        N/A       7%          3
 Ozocubu's Armour         Ice            4%         N/A       24%         3
 Fulminant Prism          Conj/Alch      8%         3d7       32%         4
 Metabolic Englaciation   Hex/Ice        3%         N/A       88%         5
 Sculpt Simulacrum        Ice/Alch       2%         N/A       100%        6


Dungeon Overview and Level Annotations

Branches:
Dungeon (5/15)
 Temple: D:4-7

Altars:
Makhleb


Message History

The liquid fire burns you!
The searing ray hits the bombardier beetle.
The bombardier beetle is almost dead.
The liquid fire burns you!
The bombardier beetle sprays incendiary fluid at you.
The burning spray hits you.
You are even more covered in liquid fire!
The searing ray hits the bombardier beetle.
You kill the bombardier beetle!
The liquid fire burns you!
* * * LOW HITPOINT WARNING * * *
Training target 5.0 for Stealth reached!
Your Stealth skill increases to level 5!
You have reached level 7!
You shake off some of the fire as you move.
The liquid fire burns you!
* * * LOW HITPOINT WARNING * * *
You see here a beast talisman.
You shake off some of the fire as you move.
The liquid fire burns you!
* * * LOW HITPOINT WARNING * * *
You shake off some of the fire as you move.
The liquid fire burns you!
* * * LOW HITPOINT WARNING * * *
You feel better. The liquid fire burns you!
* * * LOW HITPOINT WARNING * * *
Found a leather armour.
You shake off some of the fire as you move.
The liquid fire burns you!
* * * LOW HITPOINT WARNING * * *
You feel better. The liquid fire burns you!
* * * LOW HITPOINT WARNING * * *
You shake off some of the fire as you move.
The liquid fire burns you!
* * * LOW HITPOINT WARNING * * *
You shake off some of the fire as you move.
The liquid fire burns you!
You die...

#.......#
#.......#
##.......#
.........#
##.......# ###
#.......#######.##
#.......^.......[
####.##.#### #.#
#.......# #@#
#.##.##########.#
#.##.......%....#
#.##.############
##.##.########
...##.........
#####.######## #
#.# #####.#######


There were no monsters in sight!

Vanquished Creatures
  A black bear (D:4)
  A centaur (D:5)
  A bombardier beetle (D:5)
  2 hounds (D:4)
  A gnoll bouda (D:2)
  An orc wizard (D:5)
  Robin (D:2)
  4 gnolls (D:3)
  5 adders
  3 dart slugs
  8 orcs
  6 ball pythons
  5 bats
  7 endoplasms
  4 giant cockroaches
  16 goblins
  9 hobgoblins
  4 quokkas
  4 frilled lizards
  4 kobolds
  3 rats
90 creatures vanquished.

Notes
Turn   | Place    | Note
-------+----------+-------------------------------------------
     0 | D:1      | hawla the Deep Elf Conjurer began the quest for the Orb.
     0 | D:1      | Reached XP level 1. HP: 10/10 MP: 6/6
   238 | D:1      | Reached XP level 2. HP: 15/15 MP: 5/8
   400 | D:1      | Reached skill level 1 in Hexes
   530 | D:1      | Learned a level 2 spell: Searing Ray
   916 | D:1      | Reached skill level 1 in Fighting
  1091 | D:2      | Noticed Robin
  1122 | D:2      | Reached XP level 3. HP: 15/20 MP: 5/9
  1171 | D:2      | Killed Robin
  1381 | D:2      | Reached skill level 1 in Translocations
  1575 | D:2      | Reached XP level 4. HP: 26/26 MP: 6/10
  1580 | D:2      | Learned a level 4 spell: Iskenderun's Mystic Blast
  1903 | D:2      | Found a faded altar of an unknown god.
  2264 | D:3      | Reached XP level 5. HP: 22/30 MP: 4/11
  2266 | D:3      | Reached skill level 1 in Evocations
  2384 | D:3      | Reached skill level 3 in Stealth
  2690 | D:3      | Reached skill level 1 in Shields
  3277 | D:4      | Identified the +3 scale mail of the Final Beasts {*Slow
                  | rElec Int+5 Stlth+}
  3422 | D:4      | Found a burning altar of Makhleb.
  3458 | D:4      | Noticed a black bear
  3468 | D:4      | Killed a black bear
  3469 | D:4      | Reached skill level 4 in Stealth
  3469 | D:4      | Reached XP level 6. HP: 35/35 MP: 0/12
  3703 | D:5      | Entered Level 5 of the Dungeon
  4334 | D:5      | Reached skill level 5 in Stealth
  4334 | D:5      | Reached XP level 7. HP: 12/40 MP: 3/13
  4340 | D:5      | HP: 2/40 [burnt (5)]
  4341 | D:5      | Incinerated by a bombardier beetle

Illustrated notes

Levels and vault maps discovered:
D:1:      sevenhm_arrival_forest_fort_large_2, layout_basic,
          nicolae_concentric_dashed_squares_wild
D:2:      layout_basic, chequers_ecumenical_altar_simple_redux, uniq_robin
D:3:      layout_basic, minmay_misc_feat_secret_circle, st_stairs_9
D:4:      layout_cave_pools, makhleb_heckhound_becter, temple_fountains,
          grunt_decor_junction
D:5:      layout_loops_ring, minmay_misc_feat_hallway

Skill      XL: |  1  2  3  4  5  6 |
---------------+-------------------+-----
Hexes          | 1 |  1.0
Fighting       | 1 2 |  2.0
Translocations | 1 3 |  3.0
Evocations     | 2 3 |  3.3
Stealth        | 4 5 |  5.0
Shields        | 2 |  2.5
Short Blades   | |  0.2
Long Blades    | |  0.5
Dodging        | |  2.4
Spellcasting   | |  3.0
Conjurations   | |  4.4
Shapeshifting  | |  0.2

Action                     |  1- 3 |  4- 6 |  7- 9 || total
---------------------------+-------+-------+-------++-------
  Melee: Dagger            |    37 |    19 |       ||    56
         Punch             |     1 |       |       ||     1
   Cast: Magic Dart        |    53 |    45 |       ||    98
         Searing Ray       |     8 |    21 |       ||    29
         Iskenderun's Myst |       |     3 |       ||     3
    Use: Potion            |     2 |       |     2 ||     4
         Scroll            |     1 |     5 |       ||     6
   Stab: Invisible         |     1 |       |       ||     1
 Armour: Robe              |    18 |    27 |       ||    45
  Dodge: Dodged            |    33 |    28 |       ||    61
